 Dungeon Crawl Stone Soup version 0.29-a0-2-g12fcac58f8 (webtiles) character file.

Game seed: 18009687471148884002

216 oldriver the Sneak (level 5, -2/35 HPs)
             Began as an Octopode Transmuter on Jan 26, 2022.
             Slain by an orc (4 damage)
             ... on level 3 of the Dungeon.
             The game lasted 00:09:04 (3042 turns).

oldriver the Sneak (Octopode Transmuter)            Turns: 3042, Time: 00:09:04

Health: -2/35      AC:  1    Str:  9    XL:     5   Next: 93%
Magic:  9/9        EV: 14    Int: 16    God:
Gold:   194        SH:  0    Dex: 14    Spells: 7/10 levels left

rFire   . . .      SeeInvis .     - Unarmed
rCold   . . .      Faith    .   (no shield)
rNeg    . . .      Spirit   .   (helmet currently unavailable)
rPois   .          Reflect  .   (no amulet)
rElec   .          Harm     .   (no ring)
rCorr   .          Rampage  .   (no ring)
Will    .....                   (no ring)
Stlth   +++.......              (no ring)
HPRegen 0.11/turn               (no ring)
MPRegen 0.11/turn               (no ring)
                                (no ring)
                                (no ring)

@: brilliant, lethally poisoned (-2 -> -16), appendages
A: tentacle spike 3, almost no armour, amphibious, 8 rings, camouflage 1,
gelatinous body 1, (nimble swimmer 1), tentacles
a: End Transformation


You were on level 3 of the Dungeon.
One of your tentacles had grown a beastly spike.
You visited 1 branch of the dungeon, and saw 3 of its levels.

You collected 194 gold pieces.

Inventory:

Missiles
 f - 81 stones
 i - 11 poisoned darts
Armour
 e - an orb of guile
Magical Staves
 b - a staff of poison
Jewellery
 h - a ring of ice
 k - a ring of poison resistance
Scrolls
 g - a scroll of identify {unknown}
 l - a scroll of fog {unknown}
Potions
 a - a potion of brilliance
 c - a potion of haste {unknown}
 d - a potion of heal wounds {unknown}
 j - a potion of flight {unknown}
 m - a potion of berserk rage {unknown}


   Skills:
 + Level 2.4 Fighting
 + Level 3.2 Dodging
 + Level 3.2 Stealth
 - Level 3.0 Unarmed Combat
 + Level 3.0 Spellcasting
 + Level 3.1 Transmutations


You had 7 spell levels left.
You knew the following spells:

 Your Spells              Type           Power      Damage    Failure   Level
a - Beastly Appendage     Tmut           36%        N/A       5%          1
b - Wereblood             Tmut           18%        N/A       8%          2

Your spell library contained the following spells:

 Spells                   Type           Power      Damage    Failure   Level
 Spider Form              Tmut/Pois      11%        N/A       30%         3
 Ice Form                 Ice/Tmut       11%        N/A       69%         4


Dungeon Overview and Level Annotations

Branches:
Dungeon (3/15)

Altars:

Annotations:
D:3 2 transporters


Innate Abilities, Weirdness & Mutations

One of your tentacles has grown a beastly spike.
You cannot wear most types of armour.
You are amphibious.
You can wear up to eight rings at the same time.
Your skin changes colour to match your surroundings (Stealth+).
Your rubbery body absorbs attacks. (AC +1, EV +1)
((You are camouflaged when in or above water. (Stealth+)))
You have tentacles for arms and can constrict up to eight enemies at once.


Message History

You pierce the orc, but do no damage.
The orc is lightly wounded.
You constrict the orc. The orc barely misses you.
You tentacle-slap the orc.
The orc is heavily wounded.
You constrict the orc.
The orc shouts!
The orc misses you.
You hear a shout!
You tentacle-slap the orc.
You kill the orc!
You hear a shout!
The orc hits you with a +2 mace of venom.
You are poisoned.
You tentacle-slap the orc but do no damage.
You grab the orc. You squeeze the orc, but do no damage. You constrict the orc.
You feel very sick.
The orc hits you with a +2 mace of venom.
You are more poisoned.
An orc comes into view. It is wielding a +0 mace.
You tentacle-slap the orc but do no damage.
You pierce the orc.
You squeeze the orc, but do no damage.
The orc is moderately wounded.
You constrict the orc, but do no damage.
You feel very sick. The orc hits you with a +0 mace!
The orc completely misses you.
You are too injured to fight recklessly!
Press: ? - help, v - describe, . - travel
Here: an orc, wielding a +2 mace of venom and wearing a +0 ring mail (moderately wounded, constricted by you)
The floor.
Unknown command.
It was a potion of brilliance.
You feel clever all of a sudden.
You constrict the orc.
* * * LOW HITPOINT WARNING * * *
You feel very sick. The orc hits you with a +0 mace.
* * * LOW HITPOINT WARNING * * *
The orc hits you with a +2 mace of venom.
You die...

#### ...# ...# ...
###o..#### ... #.@o......
... #.......#. #.#
#.#####.# #.# #.# #.# #.#
# # ##'## #.# .#.#
##...## #.#####...# ###
##.....## #.......#
..###.......######..#####


You could see 2 orcs.

Vanquished Creatures
  An ogre (D:3)
  An orc wizard (D:2)
  3 adders
  3 dart slugs (D:1)
  4 orcs
  11 bats
  6 endoplasms
  4 giant cockroaches
  2 goblins (D:1)
  5 hobgoblins
  3 jackals (D:2)
  3 kobolds
  3 quokkas
  4 ball pythons
  5 frilled lizards
  8 rats
66 creatures vanquished.

Notes
Turn   | Place    | Note
-------+----------+-------------------------------------------
     0 | D:1      | oldriver the Octopode Transmuter began the quest for the
                  | Orb.
     0 | D:1      | Reached XP level 1. HP: 13/13 MP: 3/3
   130 | D:1      | Reached XP level 2. HP: 18/18 MP: 5/5
   134 | D:1      | Learned a level 2 spell: Wereblood
   162 | D:1      | Reached skill level 1 in Stealth
   459 | D:1      | Reached XP level 3. HP: 23/23 MP: 3/6
  1497 | D:2      | Reached XP level 4. HP: 23/29 MP: 4/7
  2368 | D:3      | Noticed an ogre
  2552 | D:3      | Killed an ogre
  2553 | D:3      | Reached XP level 5. HP: 23/35 MP: 9/9
  2665 | D:3      | Found a faded altar of an unknown god.
  2972 | D:3      | Noticed an ogre
  2980 | D:3      | Found a transporter.
  2984 | D:3      | Found a transporter.
  3042 | D:3      | Slain by an orc

Illustrated notes

Levels and vault maps discovered:
D:1:      elethiomel_arrival_shortcut, layout_basic, minmay_tetromino_l2
D:2:      layout_basic, hex_intersection
D:3:      layout_loops_corners, gammafunk_temple_overflow_arena,
          basic_ecumenical_altar

Skill      XL: |  1  2  3  4  5 |
---------------+----------------+-----
Stealth        | 1 3 |  3.2
Fighting       | 2 |  2.4
Dodging        | 3 |  3.2
Transmutations | 3 |  3.1
Spellcasting   | 3 |  3.0
Unarmed Combat | |  3.0

Action                   |  1- 3 |  4- 6 || total
-------------------------+-------+-------++-------
Melee: Unarmed           |    95 |    43 ||   138
       Tentacles         |    17 |    11 ||    28
       Constrict         |    26 |    11 ||    37
       Kick              |    25 |    13 ||    38
       Punch             |     4 |       ||     4
Throw: Dart              |       |     5 ||     5
       Stone             |       |     4 ||     4
 Cast: Beastly Appendage |    29 |    16 ||    45
       Wereblood         |       |     4 ||     4
  Use: Scroll            |     1 |       ||     1
       Potion            |       |     2 ||     2
 Stab: Sleeping          |     8 |     3 ||    11
Armor: Skin              |    14 |     3 ||    17
Dodge: Dodged            |    83 |    25 ||   108

Table legend: (Time is in decaauts)
 A = Elapsed time spent in this place.
 B = Non-inter-level travel time spent in this place.
 C = Inter-level travel time spent in this place.
 D = Time resting spent in this place.
 E = Time spent auto-exploring this place.
 F = Levels seen in this place.
 G = Mean time per level.
                   A        B        C        D        E       F      G
               +--------+--------+--------+--------+--------+-----+--------+
         Total |   3036 |   2874 |    162 |    301 |   1864 |   3 | 1012.0 |
       Dungeon |   3036 |   2874 |    162 |    301 |   1864 |   3 | 1012.0 |
               +--------+--------+--------+--------+--------+-----+--------+

Top non-repeatable levels by time:
     D:1: 1211 daAuts
     D:2: 1208 daAuts
     D:3: 616 daAuts
